 Dungeon Crawl Stone Soup version 0.26.0-10-g1f06aea511 (webtiles) character file.

Game seed: 11502602952163114728

46 Dracia the Ducker (level 3, -5/27 HPs)
             Began as a Demonspawn Gladiator on Jan 21, 2021.
             Slain by a sky beast (6 damage)
             ... on level 2 of the Dungeon.
             The game lasted 00:02:16 (1347 turns).

Dracia the Ducker (Demonspawn Gladiator)            Turns: 1347, Time: 00:02:16

Health: -5/27      AC:  8    Str: 15    XL:     3   Next: 44%
Magic:  3/3        EV: 12    Int:  9    God:
Gold:   47         SH:  0    Dex: 14    Spells: 2/2 levels left

rFire    . . .     SeeInvis .   a - +0 quarterstaff
rCold    . . .     Faith    .   (shield currently unavailable)
rNeg     . . .     Spirit   .   g - +0 ring mail
rPois    .         Reflect  .   c - +0 helmet
rElec    .         Harm     .   (no cloak)
rCorr    .         Rampage  .   (no gloves)
Will     .....                  (no boots)
Stlth    +.........             (no amulet)
HPRegen  0.09/turn              (no ring)
MPRegen  0.08/turn              (no ring)

@: no status effects
A: iridescent scales 1, powered by death 1
a: no special abilities


You were on level 2 of the Dungeon.
You visited 1 branch of the dungeon, and saw 2 of its levels.

You collected 47 gold pieces.


Innate Abilities, Weirdness & Mutations

You are partially covered in iridescent scales. (AC +2)
You regenerate a little health from kills.


   Skills:
 - Level 2.0 Fighting
 - Level 2.6 Staves
 - Level 1.7 Throwing
 + Level 1.8 Armour
 + Level 3.5 Dodging


You had 2 spell levels left.
You didn't know any spells.
Your spell library was empty.

Inventory:

Hand Weapons
 a - a +0 quarterstaff (weapon)
 i - a +2 whip of venom
Missiles
 d - 3 throwing nets (quivered) {=f=f}
Armour
 b - a +0 leather armour
 c - a +0 helmet (worn)
 g - a +0 ring mail (worn)
Jewellery
 e - a +6 ring of strength {unknown}
Scrolls
 f - a scroll of enchant armour {unknown}
 h - a scroll of identify {unknown}
 j - a scroll of teleportation {@r4@r4}
 k - a scroll of fear {unknown}

Dungeon Overview and Level Annotations

Branches:
Dungeon (2/15)

Altars:
Nemelex Xobeh ...P≈♣♣♣≈≈P..#### #.P≈≈♣ ♣≈≈.#.##......... .PPPP♣

♣≈≈...##.........
#≈.≈≈♣♣♣≈P#####........<
##PP≈≈≈♣≈P... ..........
###.≈≈≈P≈P#####.........
#...≈PP......##........(
#.#........#.##..Y...>..
# #.#.........<.@†......
# #.#.####.#.#..........
#.#.# #.#.#.#........
#+#.#.# #.#.#.#........
......# #.#.#..........
†.....# #.#.#..........
).....# #.#.#...#######
......# #.......#
......# #.......#


You could see a sky beast.


Message History

* * * LOW HITPOINT WARNING * * *
Unknown command.
You hit something but do no damage. Something barely misses you.
Unknown command.
You thump something! Something hits you but does no damage.
Unknown command.
You aren't carrying any potions.
Unknown command.
You closely miss something.
A sky beast appears from thin air!
Reactivating autopickup.
The sky beast hits you but does no damage.
Unknown command.
You closely miss the sky beast.
The sky beast is moderately wounded.
The sky beast hits you but does no damage.
You closely miss the sky beast.
The sky beast is moderately wounded.
The sky beast closely misses you.
You barely miss the sky beast.
The sky beast is moderately wounded.
The sky beast barely misses you. The sky beast hits you.
* * * LOW HITPOINT WARNING * * *
The sky beast shocks you.
* * * LOW HITPOINT WARNING * * *
You hit the sky beast.
The sky beast is moderately wounded.
The sky beast hits you.
* * * LOW HITPOINT WARNING * * *
The sky beast shocks you.
You die...

Skill      XL: |  1 |
---------------+----+-----
Armour         | 1 |  1.8
Dodging        | 3 |  3.5
Fighting       | |  2.0
Staves         | |  2.6
Throwing       | |  1.7

Action                   || total
-------------------------++-------
Melee: Quarterstaff      ||    81
  Use: Scroll            ||     1
Armor: Leather armour    ||    10
       Ring mail         ||    18
Dodge: Dodged            ||    55

Levels and vault maps discovered:
D:1:      onia_arrival_mini_spirals, layout_basic, st_stairs_6, minmay_distorted
D:2:      layout_basic, lemuel_round_altar, serial_bayou, serial_bayou_pond_a,
          serial_bayou_pond_d, serial_bayou_pond_c, serial_bayou_ford_a,
          uniq_terence

Notes
Turn   | Place    | Note
-------+----------+-------------------------------------------
     0 | D:1      | Dracia the Demonspawn Gladiator began the quest for the
                  | Orb.
     0 | D:1      | Reached XP level 1. HP: 16/16 MP: 1/1
   437 | D:1      | Reached skill level 1 in Armour
   437 | D:1      | Reached skill level 3 in Dodging
   437 | D:1      | Gained mutation: You are partially covered in iridescent
                  | scales. (AC +2) [demonic ancestry]
   437 | D:1      | Reached XP level 2. HP: 22/22 MP: 2/2
   438 | D:1      | You fall into a shaft and drop 1 floor!
   573 | D:2      | Gained mutation: You regenerate a little health from kills.
                  | [demonic ancestry]
   573 | D:2      | Reached XP level 3. HP: 8/27 MP: 3/3
  1250 | D:2      | Found a sparkling altar of Nemelex Xobeh.
  1334 | D:2      | Noticed a sky beast
  1347 | D:2      | HP: 1/27 [sky beast (3)]
  1347 | D:2      | Slain by a sky beast

Vanquished Creatures
  2 adders (D:2)
  2 dart slugs (D:1)
  A leopard gecko (D:2)
  A ball python (D:1)
  A giant cockroach (D:2)
  2 goblins (D:2)
  2 jackals (D:2)
  3 bats (D:2)
  4 frilled lizards
  3 kobolds
  4 rats (D:2)
25 creatures vanquished.

Vanquished Creatures (others)
  A plant (D:2)
1 creature vanquished.

Grand Total: 26 creatures vanquished

Table legend: (Time is in decaauts)
 A = Elapsed time spent in this place.
 B = Non-inter-level travel time spent in this place.
 C = Inter-level travel time spent in this place.
 D = Time resting spent in this place.
 E = Time spent auto-exploring this place.
 F = Levels seen in this place.
 G = Mean time per level.
                   A        B        C        D        E       F      G
               +--------+--------+--------+--------+--------+-----+--------+
         Total |   1361 |   1361 |      0 |    661 |    521 |   2 |  680.5 |
       Dungeon |   1361 |   1361 |      0 |    661 |    521 |   2 |  680.5 |
               +--------+--------+--------+--------+--------+-----+--------+

Top non-repeatable levels by time:
     D:2: 920 daAuts
     D:1: 440 daAuts

Table legend:
 A = Non-vault XP
 B = Vault XP
 C = Vault XP percentage of total XP
 D = Non-vault monster count
 E = Vault monster count
 F = Vault count percentage of total count
                 A         B        C        D         E       F
            +---------+---------+-------+---------+---------+-------
      Total |      66 |       0 |   0.0 |      25 |       0 |   0.0
            +---------+---------+-------+---------+---------+-------
        D:1 |      14 |       0 |   0.0 |       7 |       0 |   0.0
        D:2 |      52 |       0 |   0.0 |      18 |       0 |   0.0
            +---------+---------+-------+---------+---------+-------
